 Dungeon Crawl Stone Soup version 0.31-a0-1-g4198be8af4 (webtiles) character file.

Game seed: 5207015781176018835

120 RascalDebosk the Magician (level 5, -2/39 HPs)
             Began as a Djinni Fire Elementalist on May 2, 2023.
             Frozen to death by an endoplasm (6 damage)
             ... on level 2 of the Dungeon.
             The game lasted 00:11:35 (1311 turns).

RascalDebosk the Magician (DjFE)                    Turns: 1311, Time: 00:11:36

Health: -2/39      AC:  4    Str:  7    XL:     5   Next: 25%
Gold:   81         EV: 11    Int: 18    God:
                   SH:  0    Dex: 14

rFire   + + .        (no weapon)
rCold   x . .        (no shield)
rNeg    . . .        d - +0 leather armour
rPois   ∞            f - +0 helmet
rElec   .            (no cloak)
rCorr   .            (no gloves)
SInv    .            (boots unavailable)
Will    .....        (no amulet)
Stlth   ++           (no ring)
HPRegen 0.26/turn    (no ring)
MPRegen 0.00/turn

%: infuse magic (-3 HP)
@: flying
A: sickness immunity, fire resistance 2, cold vulnerability 1, float, innate
caster, HP casting, extra vitality 1
a: no special abilities


You were on level 2 of the Dungeon.
You visited 1 branch of the dungeon, and saw 2 of its levels.

You collected 81 gold pieces.

Inventory:

Hand Weapons
 s - a +2 dagger of freezing
Armour
 d - a +0 leather armour (worn)
 f - a +0 helmet (worn)
Magical Staves
 j - a staff of conjuration
Scrolls
 a - 2 scrolls of magic mapping {unknown}
 e - 2 scrolls of teleportation {unknown}
 g - a scroll of immolation {unknown}
 i - 2 scrolls of enchant weapon {unknown}
Potions
 b - a potion of mutation {unknown}
 c - 2 potions of curing {unknown}
 h - a potion of lignification {unknown}


   Skills:
 * Level 2.6 Fighting
 - Level 2.1 Dodging
 - Level 1.5 Stealth
 * Level 3.3 Spellcasting
 + Level 1.7 Evocations


You knew the following spells:

 Your Spells              Type           Power      Damage    Failure   Level
a - Foxfire               Conj/Fire      56%        2x1d6     6%          1
b - Scorch                Fire           28%        2d6       10%         2
c - Volatile Blastmotes   Fire/Tloc      28%        2d12      19%         3
d - Inner Flame           Hex/Fire       14%        N/A       19%         3
e - Flame Wave            Conj/Fire      14%        2d6       52%         4
f - Freeze                Ice            56%        1d7       6%          1
g - Blink                 Tloc           28%        N/A       10%         2
Your spell library was empty.

Dungeon Overview and Level Annotations

Branches:
Dungeon (2/15)

Altars:


Innate Abilities, Weirdness & Mutations

You are immune to sickness and miasma.
You are immune to poison.
Your flesh is very heat resistant. (rF++)
You are vulnerable to cold. (rC-)
You float through the air rather than walking.
You learn spells naturally, not from books.
Your magical power is your life essence.
You have superior vitality. (+4 MHP)


Message History

Confirm with . or Enter, or press ? or * to list all spells.
You conjure some foxfire!
A worm comes into view.
Your foxfire dissipates!
The gnoll hits you from afar with a +0 spear!
* * * LOW HITPOINT WARNING * * *
Casting: Foxfire (safe; 6% risk of failure)
Confirm with . or Enter, or press ? or * to list all spells.
Flames lash the gnoll.
The gnoll is heavily wounded.
The gnoll's fire resistance burns away.
* * * LOW HITPOINT WARNING * * *
You hear a shout!
The foxfire hits the gnoll.
The gnoll is burned terribly!
The gnoll is severely wounded.
The foxfire hits the gnoll.
The gnoll is burned terribly!
You kill the gnoll!
Casting: Scorch (safe; 10% risk of failure)
Confirm with . or Enter, or press ? or * to list all spells.
Flames lash the gnoll.
The gnoll is severely wounded.
The gnoll's fire resistance burns away.
* * * LOW HITPOINT WARNING * * *
You hear a shout!
A gnoll comes into view. It is wielding a +0 spear.
The gnoll closely misses you.
Casting: Scorch (safe; 10% risk of failure)
Confirm with . or Enter, or press ? or * to list all spells.
Flames lash the gnoll.
The gnoll is burned terribly!
You kill the gnoll!
* * * LOW HITPOINT WARNING * * *
Casting: Scorch (safe; 10% risk of failure)
Confirm with . or Enter, or press ? or * to list all spells.
Flames lash the worm.
The worm is moderately wounded.
The worm's fire resistance burns away.
* * * LOW HITPOINT WARNING * * *
Casting: Scorch (safe; 10% risk of failure)
Confirm with . or Enter, or press ? or * to list all spells.
Flames lash the worm.
The worm is burned terribly!
The worm is almost dead.
* * * LOW HITPOINT WARNING * * *
A gnoll comes into view. It is wielding a +0 spear.
Casting: Scorch (safe; 10% risk of failure)
Confirm with . or Enter, or press ? or * to list all spells.
You miscast Scorch.
You are very lightly contaminated with residual magic.
Nothing appears to happen.
* * * LOW HITPOINT WARNING * * *
The gnoll hits you from afar with a +0 spear.
* * * LOW HITPOINT WARNING * * *
An endoplasm comes into view.
Casting: Scorch (safe; 10% risk of failure)
Confirm with . or Enter, or press ? or * to list all spells.
Flames lash the gnoll.
The gnoll is heavily wounded.
The gnoll's fire resistance burns away.
* * * LOW HITPOINT WARNING * * *
Your magical contamination has completely faded away.
The worm is no longer more vulnerable to fire.
There is an escape hatch in the floor here.
Casting: Scorch (safe; 10% risk of failure)
Confirm with . or Enter, or press ? or * to list all spells.
You can't see any susceptible monsters within range! (Use Z to cast anyway.)
Found a weird glowing staff.
You see here a staff of conjuration.
j - a staff of conjuration
Casting: Scorch (safe; 10% risk of failure)
Confirm with . or Enter, or press ? or * to list all spells.
You conjure some foxfire!
* * * LOW HITPOINT WARNING * * *
The foxfire hits the gnoll.
The gnoll is lightly wounded.
The foxfire hits the gnoll.
The gnoll is heavily wounded.
Casting: Foxfire (safe; 6% risk of failure)
Confirm with . or Enter, or press ? or * to list all spells.
You conjure some foxfire!
* * * LOW HITPOINT WARNING * * *
The foxfire hits the gnoll.
The gnoll is severely wounded.
The foxfire hits the gnoll but does no damage.
The gnoll is severely wounded.
Casting: Foxfire (safe; 6% risk of failure)
Confirm with . or Enter, or press ? or * to list all spells.
You conjure some foxfire!
* * * LOW HITPOINT WARNING * * *
A rat comes into view.
The foxfire hits the endoplasm.
The endoplasm is lightly wounded.
The foxfire hits the endoplasm.
The endoplasm is heavily wounded.
The gnoll hits you from afar with a +0 spear.
* * * LOW HITPOINT WARNING * * *
The endoplasm barely misses you. The endoplasm attacks as you move away!
The endoplasm barely misses you.
The endoplasm jiggles.
The endoplasm freezes you.
You are frozen.
You feel a terrible chill!
You die...

#...#### ##
#..J..J# ..
#.#.##.# ###
#)#...##.######..
#...####.........
########.######♣.
#. ..........#
♣~.
#...##########>g#
♣♣~~ #.....@.#
#gw# ♣~~~
##..###J# #..#
♣~~. ...♣ ... ..
#g######..# ♣~~~
... .
#.#g........#
♣~P~ ..
#.....#####.#
♣~~~ . ..#
#.......###.#
♣~~~ # ..#
#.###....##.#
♣♣~~ # ..#
##.......w.w.#
♣♣~ # #.#
P..###....####
#~♣


You could see a worm, 2 gnolls and an endoplasm.

Vanquished Creatures
  Jessica (D:2)
  2 gnolls (D:2)
  2 adders (D:2)
  A worm (D:2)
  2 dart slugs
  13 ball pythons
  An endoplasm (D:2)
  2 giant cockroaches
  5 goblins
  4 hobgoblins
  3 jackals (D:1)
  A quokka (D:1)
  5 bats
  A frilled lizard (D:2)
  2 kobolds (D:1)
  9 rats
54 creatures vanquished.

Vanquished Creatures (collateral kills)
  2 foxfires (D:2)
2 creatures vanquished.

Vanquished Creatures (others)
  126 foxfires
  A fungus (D:2)
  37 plants (D:2)
164 creatures vanquished.

Grand Total: 220 creatures vanquished

Notes
Turn   | Place    | Note
-------+----------+-------------------------------------------
     0 | D:1      | RascalDebosk the Djinni Fire Elementalist began the quest
                  | for the Orb.
     0 | D:1      | RascalDebosk set off with the following spells memorised:
                  | Foxfire, Scorch, Volatile Blastmotes, Inner Flame, Flame
                  | Wave.
     0 | D:1      | Reached XP level 1. HP: 15/15 MP: 0/0
   117 | D:1      | Reached XP level 2. HP: 21/22 MP: 0/0
   163 | D:1      | Reached skill level 1 in Fighting
   316 | D:1      | Reached XP level 3. HP: 26/27 MP: 0/0
   316 | D:1      | Learned a level 1 spell: Freeze
   416 | D:1      | Reached skill level 1 in Evocations
   928 | D:2      | Noticed Jessica
   939 | D:2      | Killed Jessica
   940 | D:2      | Reached skill level 3 in Spellcasting
   940 | D:2      | Reached XP level 4. HP: 31/33 MP: 0/0
  1206 | D:2      | Reached XP level 5. HP: 37/39 MP: 0/0
  1206 | D:2      | Learned a level 2 spell: Blink
  1311 | D:2      | Frozen to death by an endoplasm

Illustrated notes

Levels and vault maps discovered:
D:1:      tekkud_arrival_beachfront_property, layout_basic,
          minmay_tiny_reverse_x
D:2:      layout_loops_ring, serial_bayou, serial_bayou_ford_a,
          serial_bayou_lagoon_a, serial_bayou_pond_a, serial_bayou_pond_e,
          shapermc_ecumenical_altar_mp_urbaneastern, minmay_pentomino_o4,
          uniq_crazy_yiuf_cottage, uniq_jessica, uniq_sigmund

Skill      XL: |  1  2  3 |
---------------+----------+-----
Fighting       | 1 2 |  2.6
Evocations     | 1 |  1.7
Spellcasting   | 3 |  3.3
Dodging        | |  2.1
Stealth        | |  1.5

Action                     |  1- 3 |  4- 6 || total
---------------------------+-------+-------++-------
   Cast: Foxfire           |    52 |    20 ||    72
         Freeze            |     4 |     2 ||     6
         Scorch            |     3 |    12 ||    15
         Inner Flame       |       |     2 ||     2
         Blink             |       |     1 ||     1
 Armour: Leather armour    |     1 |     1 ||     2
  Dodge: Dodged            |     5 |     5 ||    10

Table legend: (Time is in decaauts)
 A = Elapsed time spent in this place.
 B = Non-inter-level travel time spent in this place.
 C = Inter-level travel time spent in this place.
 D = Time resting spent in this place.
 E = Time spent auto-exploring this place.
 F = Levels seen in this place.
 G = Mean time per level.
                   A        B        C        D        E       F      G
               +--------+--------+--------+--------+--------+-----+--------+
         Total |   1310 |   1310 |      0 |     92 |    867 |   2 |  655.0 |
       Dungeon |   1310 |   1310 |      0 |     92 |    867 |   2 |  655.0 |
               +--------+--------+--------+--------+--------+-----+--------+

Top non-repeatable levels by time:
     D:1: 827 daAuts
     D:2: 483 daAuts
